 Dungeon Crawl Stone Soup version 0.25.0-9-g26727b657a (webtiles) character file.

Game seed: 721062633064899062

265 Delamore the Cudgeler (level 6, 0/37 HPs)
             Began as a Gargoyle Fighter on June 19, 2020.
             Was a Follower of Ashenzari.
             Slain by an iguana (4 damage)
             ... on level 4 of the Dungeon.
             The game lasted 00:03:59 (3106 turns).

Delamore the Cudgeler (Gargoyle Fighter)            Turns: 3106, Time: 00:04:00

Health: 0/37       AC: 21    Str: 22    XL:     6   Next: 20%
Magic:  6/6        EV:  8    Int:  8    God:    Ashenzari [*.....]
Gold:   170        SH:  9    Dex:  9    Spells: 5/5 levels left

rFire    . . .     SeeInvis .   x - +2 flail (protect)
rCold    . . .     Gourm    .   c - +0 kite shield
rNeg     + . .     Faith    .   t - +1 ring mail of the Vanishing Beggars {rPois}
rPois    ∞         Spirit   .   p - +0 helmet
rElec    +         Reflect  .   (no cloak)
rCorr    .         Harm     .   u - +0 pair of gloves
MR       .....                  n - +0 pair of boots
Stlth    ..........             (no amulet)
HPRegen  0.12/turn              (no ring)
MPRegen  0.10/turn              (no ring)

@: protection aura
A: negative energy resistance 1, electricity resistance, unbreathing,
petrification resistance, rot immunity, AC +4
a: Curse Item, Scrying, Renounce Religion


You were on level 4 of the Dungeon.
You worshipped Ashenzari.
Ashenzari was aware of your devotion.
You were not hungry.

You visited 1 branch of the dungeon, and saw 4 of its levels.

You collected 170 gold pieces.

Inventory:

Hand Weapons
 a - a +0 flail
 x - a +2 flail of protection (weapon)
Missiles
 w - 8 datura-tipped darts (quivered)
Armour
 b - a +0 scale mail
 c - a +0 kite shield (worn)
 n - a +0 pair of boots (worn)
 p - a +0 helmet (worn)
 t - the +1 ring mail of the Vanishing Beggars (worn) {rPois}
   (You found it on level 4 of the Dungeon)

   It protects you from poison.
 u - a +0 pair of gloves (worn)
Scrolls
 i - a scroll of magic mapping {unknown}
 k - a scroll of enchant weapon {unknown}
 l - 4 scrolls of identify {unknown}
 o - a scroll of fog {unknown}
 q - a scroll of amnesia {unknown}
 s - a scroll of teleportation {unknown}
Potions
 d - 2 potions of might
 e - a potion of haste {unknown}
 g - a potion of mutation {unknown}
 h - 3 potions of curing {unknown}
 j - a potion of ambrosia {unknown}
 m - a potion of degeneration {unknown}
 v - a potion of magic {unknown}
Comestibles
 f - 7 rations
 r - 3 chunks of flesh


   Skills:
 - Level 3.2 Fighting
 + Level 6.3 Maces & Flails
 - Level 3.2 Armour
 - Level 3.2 Shields


You had 5 spell levels left.
You didn't know any spells.
Your spell library was empty.

Dungeon Overview and Level Annotations

Branches:
Dungeon (4/15)
 Temple: D:4-7

Altars:
Ashenzari
Nemelex Xobeh


Innate Abilities, Weirdness & Mutations

You are resistant to torment.
Your stone body is resilient. (AC +4)
You are immune to poison.
You resist negative energy. (rN+)
You are resistant to electric shocks. (rElec)
You can survive without breathing.
You are immune to petrification.
You are immune to rotting.


Message History

The worker ant bites you but does no damage.
You block the worker ant's attack.
You closely miss the worker ant.
The worker ant is almost dead.
You block the worker ant's attack.
You hit the worker ant.
Your weapon exudes an aura of protection.
You kill the worker ant!
You completely miss the iguana. The iguana closely misses you.
Your shield and ring mail of the Vanishing Beggars prevent you from hitting the iguana.
The iguana bites you.
* * * LOW HITPOINT WARNING * * *
You sock the iguana!
Your weapon exudes an aura of protection.
The iguana is severely wounded.
The iguana bites you but does no damage.
You hit the iguana but do no damage.
The iguana is severely wounded.
You block the iguana's attack. The iguana bites you.
You die...

#...... #.#........##
#...... #)#........#
#.....#####.#........#
#.....'.....#........+
#.....####..#####.####
#....... #......#.#
#..)..# #......#.#
#.$...####......#.#
#.....l@.......)#.#
#.....#####.....#.#
#.....### #.....#
#.......# #####.#
#.......#######.#
#........<....#.#
#...............#
#.......(..........#
#..................#


You could see an iguana.

Vanquished Creatures
  2 hounds (D:4)
  An orc wizard (D:4)
  A worker ant (D:4)
  5 adders
  An ooze (D:3)
  2 worms
  3 dart slugs (D:2)
  6 leopard geckos
  11 orcs
  2 giant cockroaches (D:1)
  8 goblins
  5 hobgoblins
  7 jackals
  8 kobolds
  A quokka (D:2)
  8 bats
  4 frilled lizards
  3 rats
78 creatures vanquished.

Notes
Turn   | Place    | Note
-------+----------+-------------------------------------------
     0 | D:1      | Delamore the Gargoyle Fighter began the quest for the Orb.
     0 | D:1      | Reached XP level 1. HP: 14/14 MP: 1/1
    91 | D:1      | Reached XP level 2. HP: 16/19 MP: 2/2
   173 | D:1      | You fall into a shaft and drop 1 floor!
   179 | D:2      | Reached skill level 3 in Maces & Flails
   448 | D:1      | Reached XP level 3. HP: 21/23 MP: 3/3
  1255 | D:2      | Found a faded altar of an unknown god.
  1262 | D:2      | Became a worshipper of Ashenzari the Shackled
  1262 | D:2      | Reached * piety under Ashenzari
  1346 | D:2      | Reached skill level 4 in Maces & Flails
  1522 | D:2      | Reached XP level 4. HP: 26/28 MP: 4/4
  2522 | D:3      | Reached skill level 5 in Maces & Flails
  2524 | D:3      | Reached XP level 5. HP: 32/32 MP: 5/5
  2631 | D:3      | Found a sparkling altar of Nemelex Xobeh.
  2905 | D:4      | Got the uncursed ring mail of the Vanishing Beggars {rPois}
  2916 | D:4      | Identified the +1 ring mail of the Vanishing Beggars
                  | {rPois} (You found it on level 4 of the Dungeon)
  3093 | D:4      | Reached skill level 6 in Maces & Flails
  3093 | D:4      | Reached XP level 6. HP: 7/37 MP: 6/6
  3106 | D:4      | Slain by an iguana

Illustrated notes

Levels and vault maps discovered:
D:1:      dpeg_arrival_brainrot, layout_basic, grunt_decor_cap,
          dk_noncrumbling_2
D:2:      layout_loops_ring, chequers_ecumenical_altar_simple_redux
D:3:      layout_loops_corners, first_ration, nemelex_dance_club_becter
D:4:      layout_basic, kennysheep_flooded_box

Skill      XL: |  1  2  3  4  5 |
---------------+----------------+-----
Maces & Flails | 3 4 5 6 |  6.3
Fighting       | |  3.2
Armour         | |  3.2
Shields        | |  3.2

Action                   |  1- 3 |  4- 6 || total
-------------------------+-------+-------++-------
Melee: Flail             |   175 |   245 ||   420
  Eat: Chunk             |     2 |     6 ||     8
Armor: Scale mail        |    81 |   102 ||   183
       Ring mail         |       |    53 ||    53
Dodge: Dodged            |    54 |    90 ||   144
Block: Kite shield       |    93 |   143 ||   236
